Map: [ESL] Hard Lead

Players

DnS

  • Race: Protoss Protoss
  • Spawn Location: 5:00

goblin - Winner!

  • Race: Protoss Protoss
  • Spawn Location: 11:00

Event: ESL SC2 Masters 2023 Winter (Regional)

VOD

Have the link to the VOD?

Description

Time

  • Played on: Oct. 27, 2023, 12:17 p.m.
  • Length: 6:23

All games in this series

Show
View Real Time Build Order
Export as new Build Order

DnS Protoss 

Build Orders: Oracle Opening 

Get SALT Encoding   

  12  0:00  Probe  
  13  0:12  Probe  
  14  0:17  Pylon  
  14  0:24  Probe (Chrono Boost)  
  16  0:36  Probe (Chrono Boost)  
  16  0:37  Gateway  
  16  0:43  Probe (Chrono Boost)  
  16  0:45  Assimilator  
  17  0:50  Probe  
  17  0:54  Assimilator  
  18  1:03  Probe (Chrono Boost)  
  19  1:06  Gateway  
  20  1:12  Probe (Chrono Boost)  
  20  1:17  Probe (Chrono Boost)  
  20  1:24  Cybernetics Core  
  21  1:29  Probe  
  22  1:34  Pylon  
  22  1:41  Probe  
  24  1:59  Stargate  
  24  2:01  Adept  
  25  2:02  Adept  
  25  2:07  Warp Gate  
  27  2:12  Pylon  
  27  2:16  Probe  
  28  2:31  Pylon  
  28  2:33  Stalker  
  29  2:41  Oracle (Chrono Boost)  
  32  3:05  Nexus  
  32  3:17  Oracle (Chrono Boost)  
  35  3:20  Shield Battery  
  35  3:22  Probe  
  36  3:30  Pylon  
  33  3:41  Robotics Facility  
  33  3:52  Shield Battery  
  33  3:53  Shield Battery  
  33  3:54  Stalker  
  35  4:02  Stalker  
  37  4:21  Stalker  
  37  4:26  Immortal (Chrono Boost)  
  41  4:36  Stalker  
  43  4:42  Shield Battery  
  43  4:46  Sentry  
  45  5:04  Immortal (Chrono Boost)  
  43  5:11  Zealot  
  43  5:13  Stalker  
  47  5:20  Shield Battery  
  47  5:32  Sentry  
  39  5:40  Shield Battery  
  39  5:41  Stalker  
  37  5:43  Pylon  
  37  5:46  Pylon  
  34  5:59  Stalker  
Show
View Real Time Build Order
Export as new Build Order

goblin Protoss - Winner!

Build Orders:  

Get SALT Encoding   

  12  0:00  Probe  
  13  0:12  Probe  
  14  0:17  Pylon  
  14  0:24  Probe (Chrono Boost)  
  15  0:36  Probe (Chrono Boost)  
  15  0:37  Gateway  
  16  0:44  Probe (Chrono Boost)  
  16  0:45  Assimilator  
  17  0:50  Probe  
  17  0:54  Assimilator  
  18  1:03  Probe (Chrono Boost)  
  19  1:08  Gateway  
  19  1:13  Probe (Chrono Boost)  
  19  1:18  Probe (Chrono Boost)  
  20  1:24  Cybernetics Core  
  21  1:29  Probe  
  22  1:34  Pylon  
  22  1:41  Probe  
  23  1:53  Probe  
  24  2:00  Stalker  
  24  2:01  Stalker  
  28  2:02  Warp Gate  
  28  2:15  Robotics Facility  
  28  2:20  Pylon  
  28  2:23  Probe  
  29  2:32  Stalker  
  31  2:38  Stalker  
  31  2:43  Gateway  
  33  3:02  Shield Battery  
  33  3:04  Warp Prism (Chrono Boost)  
  35  3:15  Pylon  
  34  3:21  Shield Battery  
  34  3:33  Pylon  
  34  3:48  Shield Battery  
  34  3:50  Stalker x2  
  34  3:51  Shield Battery  
  34  3:53  Stalker  
  39  4:20  Stalker  
  39  4:21  Stalker x2  
  45  4:25  Pylon  
  45  4:26  Observer  
  46  4:50  Stalker x3  
  50  5:16  Sentry x2  
  50  5:46  Adept x2  
  50  5:47  Adept  
  48  6:12  Zealot x3  
Tags
 
Add a new tag
Caveats
  • Supply blocks, unpowered buildings, or Contaminate may cause inaccurate times.
  • Supply counts are checked every 10 seconds.